 Dungeon Crawl Stone Soup version 0.31-a0-986-g5e6e4ef867 (webtiles) character file.

Game seed: 9850442622910057492

136 LeprechaunX the Changeling (level 5, 0/35 HPs)
             Began as an Octopode Shapeshifter on Nov 10, 2023.
             Frozen to death by an endoplasm (2 damage)
             ... on level 3 of the Dungeon.
             The game lasted 00:02:01 (1541 turns).

LeprechaunX the Changeling (Octopode Shapeshifter)  Turns: 1541, Time: 00:02:02

Health: 0/35       AC:  1    Str: 13    XL:     5   Next: 19%
Magic:  5/5        EV: 12    Int: 13    God:
Gold:   101        SH:  9    Dex: 13    Spells: 4/4 levels left

rFire   . .          .
                       - Unarmed
rCold   . . .        n - +0 buckler
rNeg    . . .        (helmet currently unavailable)
rPois   .            d - amulet of reflection
rElec   .            (no ring)
rCorr   .            (no ring)
SInv    .            (no ring)
Will    .....        (no ring)
Stlth   ++           (no ring)
HPRegen 0.25/turn    (no ring)
MPRegen 0.09/turn    (no ring)
                     (no ring)

%: reflection
@: beast-form
A: beast (slay +2), almost no armour, amphibious, 8 rings, camouflage 1,
gelatinous body 1, (nimble swimmer 1), tentacles
a: Begin Untransformation


You were on level 3 of the Dungeon.
You were a hulking beast.
You visited 1 branch of the dungeon, and saw 3 of its levels.

You collected 101 gold pieces.

Inventory:

Hand Weapons
 i - a +0 sling
Armour
 n - a +0 buckler (worn)
Jewellery
 d - an amulet of reflection (around mantle)
Talismans
 b - a beast talisman
 c - a flux talisman
 q - a maw talisman
Scrolls
 e - 3 scrolls of fear {unknown}
 g - a scroll of enchant weapon {unknown}
 j - a scroll of noise {unknown}
 k - a scroll of amnesia {unknown}
 l - a scroll of teleportation {unknown}
 m - a scroll of torment {unknown}
 o - 2 scrolls of poison {unknown}
Potions
 a - a potion of lignification
 f - a potion of haste {unknown}
 h - 2 potions of curing {unknown}
 p - a potion of enlightenment {unknown}


   Skills:
 + Level 2.3 Fighting
 - Level 2.0 Dodging
 + Level 1.0 Shields
 + Level 3.7 Unarmed Combat
 * Level 4.2 Shapeshifting


You had 4 spell levels left.
You didn't know any spells.
Your spell library contained the following spells:

 Spells                   Type           Power      Damage    Failure   Level
 Ensorcelled Hibernation  Hex/Ice        0%         N/A       54%         2
 Jinxbite                 Hex            0%         N/A       54%         2
 Anguish                  Hex/Necr       0%         N/A       99%         4


Dungeon Overview and Level Annotations

Branches:
Dungeon (3/15)

Altars:


Innate Abilities, Weirdness & Mutations

You are a hulking beast.
Your limbs bulge with bestial killing power. (Slay +2)
You cannot wear most types of armour.
You are amphibious.
You can wear up to eight rings at the same time.
Your skin changes colour to match your surroundings (Stealth+).
Your rubbery body absorbs attacks. (AC +1, EV +1)
((You are camouflaged when in or above water. (Stealth+)))
You have tentacles for arms and can constrict up to eight enemies at once.


Message History

You feel very sick.
The ball python attacks as it pursues you!
The ball python closely misses you. You block the ball python's attack.
The ball python closely misses you. You block the ball python's attack.
You feel very sick. The adder attacks as it pursues you! The adder misses you.
You tentacle-slap the adder. Your grab misses the adder. You squeeze the adder.
The adder is heavily wounded.
You feel sick. You block the adder's attack.
You closely miss the adder. You grab the adder.
The adder is heavily wounded.
You constrict the adder.
You feel sick.
The adder struggles to escape constriction. x2
You tentacle-slap the adder. You squeeze the adder.
You kill the adder!
You feel sick.
Your Shields skill increases to level 1!
You bludgeon the ball python!
You kill the ball python!
You feel sick.
You completely miss the quokka. You grab the quokka. You squeeze the quokka.
You kill the quokka!
You feel sick.
You barely miss the hobgoblin. Your grab misses the hobgoblin.
Your squeeze misses the hobgoblin.
You feel sick. The hobgoblin barely misses you.
You bludgeon the hobgoblin!
You kill the hobgoblin!
You feel sick.
You tentacle-slap the endoplasm but do no damage.
You feel sick.
You are no longer poisoned.
The endoplasm freezes you.
You are frozen.
* * * LOW HITPOINT WARNING * * *
You tentacle-slap the endoplasm.
The endoplasm is heavily wounded.
The endoplasm freezes you.
You are frozen.
You die...

.......# #.# #.<....##
####################...####
.[...............#
##.....#######
####....#...##..#####...........
#....#...###.#...#####.....#.
#####....##..###.###.[.#
#.##.#.. ....[...###..†...#
###.###.##.... ....#...#
##.....# #.....#..... ....#...#
###..h#####.........## ...##..##
####J#.....###..#..## .####..#
####....#########.......
......## #...).).#..
###......#..
.....###............##....#####
...### .)........#......### ####
.####.###.#......##### # ..
#.#.[..#.....## ...
#.#..>........##


You could see an endoplasm.

Vanquished Creatures
  An orc priest (D:3)
  3 adders (D:3)
  A worm (D:2)
  2 dart slugs (D:1)
  3 orcs (D:3)
  6 ball pythons
  5 bats
  4 endoplasms
  4 giant cockroaches
  9 goblins
  8 hobgoblins
  A jackal (D:3)
  7 quokkas
  2 frilled lizards (D:1)
  4 kobolds
  3 rats (D:1)
63 creatures vanquished.

Notes
Turn   | Place    | Note
-------+----------+-------------------------------------------
     0 | D:1      | LeprechaunX the Octopode Shapeshifter began the quest for
                  | the Orb.
     0 | D:1      | Reached XP level 1. HP: 13/13 MP: 1/1
    45 | D:1      | Found a faded altar of an unknown god.
   105 | D:1      | Reached XP level 2. HP: 18/18 MP: 2/2
   218 | D:1      | Reached XP level 3. HP: 17/23 MP: 3/3
  1093 | D:2      | Reached XP level 4. HP: 29/29 MP: 4/4
  1236 | D:3      | Reached skill level 4 in Shapeshifting
  1432 | D:3      | Reached XP level 5. HP: 28/34 MP: 5/5
  1536 | D:3      | Reached skill level 1 in Shields
  1541 | D:3      | Frozen to death by an endoplasm

Illustrated notes

Levels and vault maps discovered:
D:1:      dpeg_arrival_rooms_with_view, layout_rooms, basic_ecumenical_altar,
          amcnicky_mini_pool_small, chequers_serial_rivers_room_b
D:2:      layout_rooms, kennysheep_another_room, st_stairs_11,
          minmay_goblin_kobold_house
D:3:      minmay_recursive_quarters, layout_rooms

Skill      XL: |  1  2  3  4  5 |
---------------+----------------+-----
Fighting       | 2 |  2.3
Shapeshifting  | 4 |  4.2
Shields        | 1 |  1.0
Dodging        | |  2.0
Unarmed Combat | |  3.7

Action                     |  1- 3 |  4- 6 || total
---------------------------+-------+-------++-------
  Melee: Unarmed           |    79 |    40 ||   119
         Constrict         |    15 |    12 ||    27
         Tentacles         |    10 |    10 ||    20
         Punch             |     3 |     1 ||     4
   Stab: Sleeping          |     6 |       ||     6
 Armour: Skin              |    35 |    16 ||    51
  Dodge: Dodged            |    34 |    21 ||    55
  Block: Other             |    21 |       ||    21
         Buckler           |       |    15 ||    15

Table legend: (Time is in decaauts)
 A = Elapsed time spent in this place.
 B = Non-inter-level travel time spent in this place.
 C = Inter-level travel time spent in this place.
 D = Time resting spent in this place.
 E = Time spent auto-exploring this place.
 F = Levels seen in this place.
 G = Mean time per level.
                   A        B        C        D        E       F      G
               +--------+--------+--------+--------+--------+-----+--------+
         Total |   1535 |   1493 |     42 |    238 |    890 |   3 |  511.7 |
       Dungeon |   1535 |   1493 |     42 |    238 |    890 |   3 |  511.7 |
               +--------+--------+--------+--------+--------+-----+--------+

Top non-repeatable levels by time:
     D:2: 720 daAuts
     D:1: 494 daAuts
     D:3: 320 daAuts
